 Dungeon Crawl Stone Soup version 0.19.5 (webtiles) character file.

89 Plasmo the Firebug (level 4, 0/36 HPs)
             Began as a Draconian Fire Elementalist on May 18, 2017.
             Slain by a goblin (3 damage)
             ... led by Robin
             ... on level 3 of the Dungeon.
             The game lasted 00:09:48 (2345 turns).

Plasmo the Firebug (Draconian Fire Elementalist)    Turns: 2345, Time: 00:09:48

Health: 0/36       AC:  6    Str: 10    XL:     4   Next: 31%
Magic:  0/7        EV: 12    Int: 16    God:
Gold:   123        SH:  0    Dex: 12    Spells: 3 memorised, 1 level left

rFire  . . .     SeeInvis .       - Unarmed
rCold  . . .     Gourm    .     (armour unavailable)
rNeg   . . .     Faith    .     (no shield)
rPois  .         Spirit   .     e - +1 hat
rElec  .         Reflect  .     (no cloak)
rCorr  .         Harm     .     (no gloves)
MR     .....                    (no boots)
Stlth  ++........               (no amulet)
                                (no ring)
                                (no ring)

@: no status effects
A: unfitting armour, cold-blooded, AC +5
a: no special abilities


You were on level 3 of the Dungeon.
You were not hungry.

You visited 1 branch of the dungeon, and saw 3 of its levels.

You collected 123 gold pieces.

Inventory:

Armour
 e - a +1 hat (worn)
Scrolls
 c - a scroll of recharging
 f - a scroll of teleportation
 l - a scroll of immolation
Potions
 g - a potion of curing
Books
 a - a book of Flames

   Spells                             Type                      Level
   a - Flame Tongue                   Conjuration/Fire             1
   b - Throw Flame                    Conjuration/Fire             2
   c - Conjure Flame                  Conjuration/Fire             3
   d - Inner Flame                    Hexes/Fire                   3
   e - Sticky Flame                   Conjuration/Fire             4
   f - Fireball                       Conjuration/Fire             5
Comestibles
 b - a bread ration
 m - a meat ration


   Skills:
 * Level 1.8 Fighting
 + Level 0.1 Throwing
 * Level 2.3 Dodging
 + Level 2.2 Stealth
 + Level 1.1 Unarmed Combat
 * Level 2.3 Spellcasting
 * Level 1.7 Conjurations
 * Level 3.2 Fire Magic


You had one spell level left.
You knew the following spells:

 Your Spells              Type           Power        Failure   Level  Hunger
a - Flame Tongue          Conj/Fire      #....        10%         1    #......
b - Throw Flame           Conj/Fire      #.....       12%         2    ###....
c - Conjure Flame         Conj/Fire      #.......     21%         3    ###....


Dungeon Overview and Level Annotations

Branches:
Dungeon (3/15)

Altars:
Qazlal

Annotations:
D:3 Robin


Innate Abilities, Weirdness & Mutations

Your plain brown scales are hard. (AC +5)
You cannot fit into any form of body armour.
You are cold-blooded and may be slowed by cold attacks.


Message History

You hit Robin.
Robin is heavily wounded.
The goblin hits you.
* * * LOW HITPOINT WARNING * * *
Robin hits you with a short sword.
* * * LOW HITPOINT WARNING * * *
You barely miss Robin.
Robin is heavily wounded.
Your surroundings seem slightly different.
The quokka bites you.
* * * LOW HITPOINT WARNING * * *
Robin throws the goblin at you! The goblin closely misses you.
The goblin hits you.
* * * LOW HITPOINT WARNING * * *
Robin throws the goblin at you!
* * * LOW HITPOINT WARNING * * *
The goblin hits you.
* * * LOW HITPOINT WARNING * * *
The goblin hits you.
You die...

#.#...###....######)###
#.##.###.#.### #.# #....#
#.#.# #)# ####.# #.#.###
##g## #.# #.....# ##...##
#.# ###.#.# ##.....## #.#
##..#.###ghh....#.
####.###...#.##.ggrh......
..............+.@gg.......
#######......##.........##
#.#.######.......## #.###
##.....## #.# ##...## #.#
##+## #.# #.#


You could see Robin, a quokka, 3 jackals, a hobgoblin and 4 goblins.

Vanquished Creatures
  An adder (D:2)
  3 gnolls (D:2)
  2 dart slugs
  2 bats (D:1)
  3 giant cockroaches
  7 hobgoblins
  A jackal (D:2)
  2 quokkas
  2 frilled lizards
  9 goblins
  9 kobolds
  4 rats (D:1)
45 creatures vanquished.

Vanquished Creatures (others)
  4 toadstools (D:1)
4 creatures vanquished.

Grand Total: 49 creatures vanquished

Notes
Turn   | Place    | Note
-------+----------+-------------------------------------------
     0 | D:1      | Plasmo the Draconian Fire Elementalist began the quest for the Orb.
     0 | D:1      | Reached XP level 1. HP: 14/14 MP: 3/3
   263 | D:1      | Reached XP level 2. HP: 15/20 MP: 5/5
  1616 | D:2      | Reached skill level 1 in Fighting
  1616 | D:2      | Reached XP level 3. HP: 21/28 MP: 6/6
  1716 | D:2      | Reached skill level 1 in Unarmed Combat
  1853 | D:2      | Found a stormy altar of Qazlal.
  2008 | D:2      | Reached XP level 4. HP: 36/36 MP: 7/7
  2068 | D:2      | Learned a level 2 spell: Throw Flame
  2072 | D:2      | Learned a level 3 spell: Conjure Flame
  2308 | D:3      | Noticed Robin
  2345 | D:3      | Slain by a goblin

Skill      XL: |  1  2  3 |
---------------+----------+-----
Dodging        | 2 |  2.3
Stealth        | 2 |  2.2
Fighting       | 1 |  1.8
Unarmed Combat | 1 |  1.1
Throwing       | |  0.1
Spellcasting   | |  2.3
Conjurations   | |  1.7
Fire Magic     | |  3.2

Action                   |  1- 3 |  4- 6 || total
-------------------------+-------+-------++-------
Melee: Unarmed           |   131 |    31 ||   162
       Tailslap          |    16 |     2 ||    18
Throw: Javelin           |     8 |     7 ||    15
 Cast: Flame Tongue      |    13 |     8 ||    21
       Throw Flame       |       |     3 ||     3
  Use: Scroll            |       |     8 ||     8
 Stab: Sleeping          |     2 |     1 ||     3
  Eat: Royal jelly       |     1 |       ||     1
       Chunk             |     2 |     1 ||     3
Armor: Skin              |    37 |    13 ||    50
Dodge: Dodged            |    77 |    43 ||   120
